 Dungeon Crawl Stone Soup version 0.22.1-5-g62c59d9 (webtiles) character file.

183 Yuikono the Gusty (level 5, -1/28 HPs)
             Began as a Tengu Air Elementalist on Jan 15, 2019.
             Killed by divine providence
             ... invoked by an orc priest
              (8 damage)
             ... on level 3 of the Dungeon.
             The game lasted 00:08:37 (2708 turns).

Yuikono the Gusty (Tengu Air Elementalist)          Turns: 2708, Time: 00:08:37

Health: -1/28      AC:  3    Str:  9    XL:     5   Next: 62%
Magic:  7/11       EV: 12    Int: 18    God:
Gold:   179        SH:  0    Dex: 14    Spells: 0/10 levels left

rFire    . . .     SeeInvis .   d - -1 dagger (curse)
rCold    . . .     Gourm    .   (no shield)
rNeg     . . .     Faith    .   a - +1 robe
rPois    .         Spirit   .   (helmet restricted)
rElec    .         Reflect  .   (no cloak)
rCorr    .         Harm     .   (no gloves)
MR       .....                  (boots unavailable)
Stlth    ++........             (no amulet)
HPRegen  0.09/turn              g - +2 ring of intelligence
MPRegen  0.12/turn              (no ring)

@: no status effects
A: beak, talons 3, able to fly 1
a: Fly


You were on level 3 of the Dungeon.
You were not hungry.

You visited 1 branch of the dungeon, and saw 3 of its levels.

You collected 179 gold pieces.

Inventory:

Hand Weapons
 d - a cursed -1 dagger (weapon)
 e - a +0 dagger
Missiles
 b - 14 poisoned needles
 f - 70 stones (quivered)
 l - 15 arrows
 m - 30 bolts
 r - 3 tomahawks of returning
Armour
 a - a +1 robe (worn)
Jewellery
 g - a +2 ring of intelligence (left hand)
 j - an uncursed ring of stealth {unknown}
Scrolls
 h - 2 scrolls of teleportation
 i - a scroll of amnesia
 k - a scroll of magic mapping
 n - a scroll of remove curse {unknown}
 o - a scroll of enchant weapon {unknown}
Potions
 p - a potion of invisibility {unknown}
Comestibles
 c - 10 rations
 q - 3 chunks of flesh


   Skills:
 - Level 2.1 Dodging
 - Level 2.0 Stealth
 + Level 3.3 Spellcasting
 + Level 4.2 Conjurations
 + Level 5.6 Air Magic


You couldn't memorise any spells.
You knew the following spells:

 Your Spells              Type           Power        Failure   Level  Hunger
a - Shock                 Conj/Air       ###.         1%          1    None
b - Swiftness             Chrm/Air       ##......     8%          2    ##.....
c - Static Discharge      Conj/Air       ###.....     6%          3    ###....
d - Airstrike             Air            ###.......   16%         4    ####...

Your spell library contained the following spells:

 Spells                   Type           Power        Failure   Level  Hunger
 Lightning Bolt           Conj/Air       ###.......   50%         5    ######.


Dungeon Overview and Level Annotations

Branches:
Dungeon (3/15)

Altars:
Dithmenos
Elyvilon
Fedhas
Xom

Annotations:
D:3 Terence


Innate Abilities, Weirdness & Mutations

You have a beak for a mouth.
You have claws for feet.
You can fly.


Message History

Press: ? - help, Shift-Dir - straight line The zap hits the orc priest.
The orc priest is severely wounded.
The orc priest closely misses you.
Casting: Shock (safe; 1% risk of failure)
Confirm with . or Enter, or press ? or * to list all spells.
Aiming: Shock (safe; 1% risk of failure)
Press: ? - help, Shift-Dir - straight line The zap hits the orc priest.
The orc priest is almost dead.
The zap hits the orc.
The orc is moderately wounded.
The zap hits the orc.
You kill the orc!
The orc priest mumbles some strange prayers to Beogh against you.
Beogh smites you!
* * * LOW HITPOINT WARNING * * *
The orc priest invokes the aid of Beogh against you.
Beogh smites you!
You die...

##### ##...# ######
.....# #..@.#
##...#########.#o##
...............#).#
###.....†..####o?##
....###########..#
######## ###...##
....###o....#
#.....###.###### .
#..............#


You could see 2 orc priests.

Vanquished Creatures
  An orc wizard (D:2)
  An orc priest (D:3)
  4 adders
  3 oozes
  A worm (D:2)
  A dart slug (D:1)
  5 leopard geckos
  5 orcs
  10 goblins
  8 hobgoblins
  8 kobolds
  2 quokkas (D:2)
  2 ball pythons (D:2)
  4 bats
  A frilled lizard (D:1)
  6 rats
62 creatures vanquished.

Notes
Turn   | Place    | Note
-------+----------+-------------------------------------------
     0 | D:1      | Yuikono the Tengu Air Elementalist began the quest for the
                  | Orb.
     0 | D:1      | Reached XP level 1. HP: 10/10 MP: 4/4
    78 | D:1      | Reached XP level 2. HP: 15/15 MP: 4/6
   329 | D:1      | Reached XP level 3. HP: 16/19 MP: 7/7
   836 | D:2      | Learned a level 2 spell: Swiftness
   840 | D:2      | Learned a level 3 spell: Static Discharge
   990 | D:2      | Reached XP level 4. HP: 5/24 MP: 0/9
  1323 | D:2      | Found a shimmering altar of Xom.
  1326 | D:2      | Found a white marble altar of Elyvilon.
  1551 | D:2      | Reached skill level 5 in Air Magic
  2289 | D:2      | Found a blossoming altar of Fedhas.
  2486 | D:3      | Gained mutation: You can fly. [Tengu growth]
  2486 | D:3      | Reached XP level 5. HP: 23/28 MP: 6/10
  2489 | D:3      | Noticed Terence
  2569 | D:3      | Learned a level 4 spell: Airstrike
  2583 | D:3      | Found a shadowy altar of Dithmenos.
  2708 | D:3      | Killed from afar by an orc priest

Skill      XL: |  1  2  3  4  5 |
---------------+----------------+-----
Conjurations   | 2 3 4 |  4.2
Air Magic      | 5 |  5.6
Spellcasting   | 3 |  3.3
Dodging        | |  2.1
Stealth        | |  2.0

Action                   |  1- 3 |  4- 6 || total
-------------------------+-------+-------++-------
Melee: Unarmed           |     5 |       ||     5
       Dagger            |    71 |    47 ||   118
       Kick              |    18 |    11 ||    29
       Peck              |    12 |     6 ||    18
 Cast: Shock             |    22 |    35 ||    57
       Static Discharge  |       |     5 ||     5
  Use: Scroll            |       |     5 ||     5
 Stab: Sleeping          |     5 |     4 ||     9
  Eat: Chunk             |       |     6 ||     6
Armor: Robe              |    12 |     7 ||    19
Dodge: Dodged            |    47 |    40 ||    87
